 Dungeon Crawl Stone Soup version 0.28.0-47-ge53b351184 (webtiles) character file.

Game seed: 5287792708948759507

25747 Icepheonix32 the Frost Mage (level 12, -7/77 HPs)
             Began as a Demonspawn Ice Elementalist on May 3, 2022.
             Was a Believer of Uskayaw.
             Mangled by a bog body (23 damage)
             ... on level 3 of the Lair of Beasts.
             The game lasted 00:31:35 (17349 turns).

Icepheonix32 the Frost Mage (DsIE)                 Turns: 17349, Time: 00:31:36

Health: -7/77      AC: 28    Str: 10    XL:     12   Next: 92%
Magic:  22/22      EV: 17    Int: 28    God:    Uskayaw [**....]
Gold:   1948       SH:  0    Dex: 22    Spells: 13/24 levels left

rFire   x . .      SeeInvis +   d - +1 rapier of the Real Monster {drain, rPois rF- Int+8 Stlth+}
rCold   . . .      Faith    .   (no shield)
rNeg    . . .      Spirit   .   J - +1 steam dragon scales
rPois   +          Reflect  .   u - +1 hat {Will+}
rElec   .          Harm     .   (no cloak)
rCorr   .          Rampage  .   y - +2 pair of gloves
Will    +....                   o - +0 pair of boots
Stlth   ++++++....              I - amulet of magic regeneration
HPRegen 0.22/turn               p - +4 ring of protection
MPRegen 0.58/turn               h - +6 ring of dexterity

@: ice-armoured
A: molten scales 2, ignite blood 2, powered by pain 2, demonic touch 1, thin
skeletal structure 1, see invisible
a: Renounce Religion, Stomp, Line Pass


You were on level 3 of the Lair of Beasts.
You worshipped Uskayaw.
Uskayaw was aware of your devotion.
You visited 3 branches of the dungeon, and saw 14 of its levels.

You collected 2344 gold pieces.
You spent 396 gold pieces at shops.

Inventory:

Hand Weapons
 d - the +1 rapier of the Real Monster (weapon) {drain, rPois rF- Int+8 Stlth+}
   (You bought it in a shop on level 3 of the Dungeon)

   A truly terrible weapon, it drains the life of any living foe it strikes.
   Int:       It affects your intelligence (+8).
   rF:        It makes you vulnerable to fire.
   rPois:     It protects you from poison.
   Stlth:     It makes you more stealthy.
 m - a +0 trident of protection
 F - a +0 dagger
Missiles
 f - 9 boomerangs
 B - 3 javelins
Armour
 g - a +1 robe of cold resistance
 o - a +0 pair of boots (worn)
 u - a +1 hat of willpower (worn)
 w - a +1 helmet
 y - a +2 pair of gloves (worn)
 J - +1 steam dragon scales (worn)
 N - the +0 robe of Resilience {MP+9 Int+2}
   (You found it on level 10 of the Dungeon)

   Int:       It affects your intelligence (+2).
   MP:        It affects your magic capacity (+9).
Jewellery
 b - a ring of willpower
 e - a ring of wizardry
 h - a +6 ring of dexterity (right hand)
 i - a ring of positive energy
 p - a +4 ring of protection (left hand)
 I - an amulet of magic regeneration (around neck)
Wands
 a - a wand of digging (5)
 c - a wand of paralysis (6)
 k - a wand of acid (20)
 v - a wand of polymorph (10)
 x - a wand of flame (9)
 D - a wand of charming (8)
Scrolls
 l - a scroll of silence
 n - 4 scrolls of fear
 t - 2 scrolls of amnesia
 H - a scroll of teleportation
 K - a scroll of fog
 L - a scroll of summoning
Potions
 j - 5 potions of flight
 q - a potion of invisibility
 r - a potion of mutation
 s - 3 potions of brilliance
 z - 6 potions of heal wounds
 A - a potion of haste
 C - a potion of might
 E - 2 potions of curing
 Q - a potion of ambrosia


   Skills:
 + Level 1.2 Fighting
 + Level 7.7 Short Blades
 + Level 0.5 Throwing
 + Level 6.4 Dodging
 + Level 8.8 Stealth
 + Level 3.4 Unarmed Combat
 + Level 6.7 Spellcasting
 * Level 12.6 Ice Magic
 * Level 10.1 Invocations
 + Level 0.3 Evocations


You had 13 spell levels left.
You knew the following spells:

 Your Spells              Type           Power      Damage    Failure   Level
a - Freeze                Ice            100%       1d11      1%          1
b - Ozocubu's Armour      Ice            68%        N/A       1%          3
c - Frozen Ramparts       Ice            100%       1d12      1%          3
d - Hailstorm             Conj/Ice       44%        3d10      4%          4

Your spell library contained the following spells:

 Spells                   Type           Power      Damage    Failure   Level
 Ice Form                 Ice/Tmut       44%        N/A       4%          4
 Summon Small Mammal      Summ           36%        N/A       5%          1
 Sublimation of Blood     Necr           9%         N/A       9%          2
 Metabolic Englaciation   Hex/Ice        22%        N/A       12%         5
 Call Canine Familiar     Summ           9%         N/A       17%         3
 Gell's Gravitas          Tloc           9%         N/A       17%         3
 Portal Projectile        Hex/Tloc       18%        N/A       17%         3
 Spider Form              Tmut/Pois      9%         N/A       17%         3
 Summon Guardian Golem    Hex/Summ       9%         N/A       17%         3
 Teleport Other           Tloc           9%         N/A       17%         3
 Animate Dead             Necr           4%         N/A       50%         4
 Leda's Liquefaction      Hex/Erth       4%         N/A       50%         4
 Petrify                  Tmut/Erth      9%         N/A       50%         4
 Borgnjor's Vile Clutch   Necr/Erth      4%         N/A       83%         5
 Irradiate                Conj/Tmut      4%         3d14      83%         5
 Death Channel            Necr           4%         N/A       100%        6
 Dispersal                Tloc           4%         N/A       100%        6
 Statue Form              Tmut/Erth      6%         N/A       100%        6


Dungeon Overview and Level Annotations

Branches:
Dungeon (10/15)            Temple (1/1) D:5            Lair (3/6) D:9
 Spider (0/4) Lair:2          Orc (0/2) D:10
  Swamp: Lair:2-4    Shoals: Lair:2-4

Altars:
Ashenzari
Cheibriados
Dithmenos
Elyvilon
Fedhas
Gozag
Hepliaklqana
Kikubaaqudgha
Makhleb
Nemelex Xobeh
Okawaru
Qazlal
Ru
Sif Muna
Trog
Uskayaw
Vehumet
Wu Jian
Xom
Yredelemnul
Zin
The Shining One

Shops:
D:3 (   D:6 [   D:8 (

Portals:
Trove: D:10 (give 19 potions of curing)

Annotations:
Lair:2 3 runed translucent doors, exclusion: oklob plant, Modestlyawesome's ghost, journeyman DECj


Innate Abilities, Weirdness & Mutations

You are mostly covered in molten scales. (AC +3)
Your demonic aura often causes spilled blood to erupt in flames.
You sometimes gain power by taking damage.
Your touch may inflict minor irresistible damage on your foes.
You have a somewhat thin skeletal structure. (Dex +2, Stealth+)
You have supernaturally acute eyesight. (SInv)


Message History

You closely miss the swamp worm. The bog body misses you.
The swamp worm bites you but does no damage.
Unknown command.
You hit the swamp worm.
You touch the swamp worm.
The swamp worm is lightly wounded.
The bog body points at you and mumbles some strange words.
You resist with almost no effort. The swamp worm bites you.
Unknown command.
You hit the swamp worm. You drain the swamp worm.
You touch the swamp worm.
You punch the swamp worm.
The swamp worm is almost dead.
The swamp worm misses you. The bog body closely misses you.
You can now pass through a line of other dancers.
Unknown command.
You puncture the swamp worm!
You kill the swamp worm!
The bog body touches you but does no damage.
Unknown command.
You puncture the bog body! Your touch misses the bog body.
The bog body is moderately damaged.
The swamp worm bites you. The bog body misses you.
Unknown command.
You hit the bog body but do no damage. Your touch misses the bog body.
The bog body is lightly damaged.
The swamp worm bites you but does no damage.
Unknown command.
You hit the bog body.
The bog body is moderately damaged.
The swamp worm misses you. The bog body touches you! The bog body freezes you!!
Unknown command.
You are too injured to fight recklessly!
Unknown command.
You are too injured to fight recklessly!
Unknown command.
You puncture the bog body!
You touch the bog body.
The bog body is severely damaged.
The swamp worm closely misses you. The bog body touches you!
* * * LOW HITPOINT WARNING * * *
The bog body freezes you!!
You die...

).... ♣§§ ..... §§
#...... §§ #...... ♣
.♣♣♣ ##...##. ♣≈..≈♣
#....#.. ♣≈♣.≈♣
#...#.. ♣≈.nw♣
#####......
♣≈♣@≈♣♣###..#.......
♣≈..≈♣♣..........#..
♣≈..♣♣♣..........P..
♣≈..≈♣...........P.#
♣≈..≈♣..............
♣≈..≈♣............[.
♣≈♣.≈♣.÷....#PP....#
♣♣..♣♣..#.........##
# ♣..♣...#......#..#


You could see a bog body and a swamp worm.

Vanquished Creatures
  2 boulder beetles
  3 hydras (Lair:3)
  Erica (D:8)
  A two-headed ogre (D:9)
  2 bog bodies (Lair:3)
  2 black mambas
  Maggie (D:8)
  4 cane toads
  5 komodo dragons
  A yaktaur (shapeshifter) (D:10)
  An unseen horror (D:10)
  A rime drake (Lair:3)
  A polar bear (Lair:2)
  2 trolls (D:10)
  A hornet (D:9)
  Grinder (D:4)
  10 blink frogs
  A shadow (D:10)
  Sigmund (D:4)
  A wraith (D:10)
  2 basilisks
  28 yaks
  5 wyverns
  Grum (D:8)
  A vampire mosquito (D:10)
  A swamp worm (Lair:3)
  An acid dragon (D:10)
  Edmund (D:4)
  9 water moccasins
  A swamp drake (D:10)
  2 sky beasts (D:6)
  2 ice beasts
  6 orc warriors
  2 black bears (Lair:3)
  6 ogres
  11 wolves
  5 centaurs
  2 phantoms
  2 kobold brigands
  3 bullfrogs
  6 scorpions
  2 jellies
  A killer bee (D:10)
  16 wights
  7 howler monkeys
  2 centaur zombies
  3 hounds
  14 orc priests
  A centaur skeleton (D:5)
  A gnoll shaman (D:5)
  An iguana (D:6)
  Natasha (twice) (D:3)
  11 orc wizards
  A killer bee zombie (D:8)
  2 hound skeletons (D:4)
  Robin (D:4)
  2 howler monkey skeletons
  7 gnolls
  10 adders
  A shadow imp (D:7)
  4 white imps
  An adder zombie (D:4)
  An adder skeleton (D:4)
  6 worms
  4 dart slugs
  41 orcs
  6 ball pythons
  10 endoplasms
  9 giant cockroaches
  6 goblins
  10 hobgoblins
  10 kobolds
  2 quokkas
  4 bats
  3 frilled lizards
  7 rats
348 creatures vanquished.

Vanquished Creatures (others)
  4 bushes (D:9)
  11 fungi
  36 plants
51 creatures vanquished.

Grand Total: 399 creatures vanquished

Notes
Turn   | Place    | Note
-------+----------+-------------------------------------------
     0 | D:1      | Icepheonix32 the Demonspawn Ice Elementalist began the
                  | quest for the Orb.
     0 | D:1      | Reached XP level 1. HP: 13/13 MP: 3/3
    88 | D:1      | Reached skill level 4 in Ice Magic
    88 | D:1      | Gained mutation: You sometimes gain a little power by
                  | taking damage. [demonic ancestry]
    88 | D:1      | Reached XP level 2. HP: 6/19 MP: 0/5
  1011 | D:1      | Gained mutation: Your touch may inflict minor irresistible
                  | damage on your foes. [demonic ancestry]
  1011 | D:1      | Reached XP level 3. HP: 22/24 MP: 3/6
  2094 | D:2      | Learned a level 3 spell: Ozocubu's Armour
  2104 | D:2      | Reached skill level 1 in Unarmed Combat
  2104 | D:2      | Reached skill level 5 in Ice Magic
  2104 | D:2      | Reached XP level 4. HP: 30/30 MP: 2/7
  2259 | D:2      | Found a faded altar of an unknown god.
  3395 | D:3      | Found Guzen's Weapon Shop.
  3672 | D:2      | Learned a level 3 spell: Frozen Ramparts
  3745 | D:2      | Reached XP level 5. HP: 30/35 MP: 1/8
  4371 | D:3      | Noticed Natasha
  4383 | D:3      | Killed Natasha
  4564 | D:3      | Noticed Natasha
  4571 | D:3      | Killed Natasha
  4756 | D:3      | Noticed an ogre
  4766 | D:3      | Killed an ogre
  4767 | D:3      | Gained mutation: Your demonic aura sometimes causes spilled
                  | blood to erupt in flames. [demonic ancestry]
  4767 | D:3      | Reached XP level 6. HP: 36/41 MP: 5/9
  5052 | D:4      | Noticed Edmund
  5062 | D:4      | Killed Edmund
  5063 | D:4      | Reached skill level 1 in Short Blades
  5063 | D:4      | Reached skill level 6 in Ice Magic
  5329 | D:4      | Noticed Sigmund
  5364 | D:4      | Killed Sigmund
  5365 | D:4      | Gained mutation: You are partially covered in molten
                  | scales. (AC +2) [demonic ancestry]
  5365 | D:4      | Reached XP level 7. HP: 29/46 MP: 4/10
  5911 | D:4      | Found a shadowy altar of Dithmenos.
  5993 | D:4      | Noticed Grinder
  6038 | D:4      | Killed Grinder
  6039 | D:4      | Reached skill level 7 in Ice Magic
  6039 | D:4      | Reached XP level 8. HP: 34/52 MP: 0/11
  6275 | D:4      | Noticed Robin
  6278 | D:4      | Killed Robin
  6391 | D:5      | Entered Level 5 of the Dungeon
  6409 | D:4      | Learned a level 4 spell: Hailstorm
  6527 | D:4      | Gained mutation: You passively map a small area around you.
                  | [potion of mutation]
  6527 | D:4      | Gained mutation: You are clumsy. (Dex -2) [potion of
                  | mutation]
  6530 | D:4      | HP: 1/52 [gnoll/+0 club (5)]
  6836 | D:4      | Lost mutation: You passively map a small area around you.
                  | [potion of mutation]
  6836 | D:4      | Lost mutation: You are clumsy. (Dex -2) [potion of
                  | mutation]
  6836 | D:4      | Gained mutation: You are weak. (Str -2) [potion of
                  | mutation]
  6836 | D:4      | Gained mutation: You occasionally shout uncontrollably at
                  | your foes. [potion of mutation]
  6837 | D:4      | Identified a scroll of acquirement
  6837 | D:4      | Acquired 1238 gold pieces
  6875 | D:3      | Bought the +1 rapier of the Real Monster {drain, rPois rF-
                  | Int+8 Stlth+} for 396 gold pieces
  6994 | D:5      | Found a staircase to the Ecumenical Temple.
  7140 | D:5      | Reached skill level 8 in Ice Magic
  7879 | D:5      | Gained mutation: You sometimes gain power by taking damage.
                  | [demonic ancestry]
  7879 | D:5      | Reached XP level 9. HP: 44/57 MP: 12/12
  7988 | Temple   | Entered the Ecumenical Temple
  8241 | Temple   | Became a worshipper of Uskayaw the Reveller
  8710 | D:6      | Reached * piety under Uskayaw
  8715 | D:6      | Reached ** piety under Uskayaw
  8806 | D:6      | Reached *** piety under Uskayaw
  8808 | D:6      | Reached skill level 9 in Ice Magic
  8808 | D:6      | Reached **** piety under Uskayaw
  8979 | D:6      | Reached skill level 1 in Invocations
  9093 | D:6      | Reached skill level 5 in Short Blades
  9105 | D:6      | Lost mutation: You occasionally shout uncontrollably at
                  | your foes. [potion of mutation]
  9105 | D:6      | Lost mutation: You are weak. (Str -2) [potion of mutation]
  9105 | D:6      | Gained mutation: You have a somewhat thin skeletal
                  | structure. (Dex +2, Stealth+) [potion of mutation]
  9105 | D:6      | Gained mutation: You have supernaturally acute eyesight.
                  | (SInv) [potion of mutation]
  9550 | D:6      | Found Kiyror's Armour Shoppe.
  9892 | D:7      | Reached ***** piety under Uskayaw
 10549 | D:8      | Found a shimmering altar of Xom.
 10623 | D:8      | Found Duor's Antique Weapon Shoppe.
 10639 | D:8      | Gained mutation: You are mostly covered in molten scales.
                  | (AC +3) [demonic ancestry]
 10639 | D:8      | Reached XP level 10. HP: 53/63 MP: 8/14
 10709 | D:8      | Noticed Erica
 10718 | D:8      | Killed Erica
 10891 | D:8      | Found a broken altar of Ashenzari.
 11033 | D:8      | Reached skill level 5 in Stealth
 11033 | D:8      | Reached skill level 10 in Ice Magic
 11035 | D:8      | Noticed Maggie
 11447 | D:8      | Noticed Grum
 11468 | D:8      | Killed Grum
 11665 | D:8      | Found the +4 robe of Folly {Brilliance Will-∞ Int+8}
 11676 | D:8      | Killed Maggie
 11826 | D:8      | Found a bloodstained altar of Trog.
 11919 | D:9      | Reached skill level 5 in Invocations
 12159 | D:9      | Noticed a two-headed ogre
 12165 | D:9      | Killed a two-headed ogre
 12166 | D:9      | Reached skill level 5 in Dodging
 12329 | D:9      | Reached ****** piety under Uskayaw
 12332 | D:9      | Reached XP level 11. HP: 60/68 MP: 14/17
 12391 | D:9      | Found a staircase to the Lair.
 12771 | D:9      | Found a radiant altar of Vehumet.
 12783 | D:9      | Found a blossoming altar of Fedhas.
 12841 | D:10     | Entered Level 10 of the Dungeon
 12918 | D:10     | Reached skill level 5 in Spellcasting
 12918 | D:10     | Reached skill level 11 in Ice Magic
 13081 | D:10     | Identified the +0 robe of Resilience {MP+9 Int+2}
 13212 | D:10     | Found a staircase to the Orcish Mines.
 13601 | D:10     | Found a portal to a secret trove of treasure.
 14011 | Lair:1   | Entered Level 1 of the Lair of Beasts
 14921 | Lair:2   | Gained mutation: Your demonic aura often causes spilled
                  | blood to erupt in flames. [demonic ancestry]
 14921 | Lair:2   | Reached XP level 12. HP: 69/74 MP: 20/20
 14970 | Lair:2   | Found a hole to the Spider Nest.
 15003 | Lair:2   | Noticed a boulder beetle
 15021 | Lair:2   | Killed a boulder beetle
 15288 | Lair:2   | Found an iron altar of Okawaru.
 15379 | Lair:2   | Found a runed translucent gate.
 15379 | Lair:2   | Found a runed translucent gate.
 15379 | Lair:2   | Found a runed translucent gate.
 15380 | Lair:2   | Noticed an 11-headed hydra
 15381 | Lair:2   | Noticed a nine-headed hydra
 15382 | Lair:2   | Noticed Modestlyawesome's ghost (journeyman DECj)
 15473 | Lair:2   | Got Ycedaseq's Tome of the Compass and Moulding
 15674 | Lair:2   | Reached skill level 12 in Ice Magic
 16396 | Lair:3   | Noticed a boulder beetle
 16438 | Lair:3   | Killed a boulder beetle
 16467 | Lair:3   | Noticed a five-headed hydra
 16492 | Lair:3   | Killed a five-headed hydra
 16773 | Lair:3   | Noticed a six-headed hydra
 16775 | Lair:3   | Noticed an eight-headed hydra
 16786 | Lair:3   | Killed a six-headed hydra
 16788 | Lair:3   | Killed an eight-headed hydra
 16789 | Lair:3   | Reached skill level 1 in Fighting
 17107 | Lair:3   | Reached skill level 10 in Invocations
 17349 | Lair:3   | Mangled by a bog body

Illustrated notes

Levels and vault maps discovered:
D:1:      lightli_arrival_statuegarden, layout_basic, nicolae_grassy_gnolls
D:2:      layout_basic, dreamdust_ecumenical_altar_angels_and_demons
D:3:      layout_basic, tso_oasis_becter, serial_shops,
          nicolae_shop_bloodbath_and_beyond, lemuel_another_geyser, uniq_natasha
D:4:      layout_basic, kennysheep_little_box, minmay_small_thing, uniq_sigmund,
          uniq_grinder, uniq_robin, uniq_edmund
D:5:      layout_cave_pods, minmay_temple_entry_enclosed_plants
D:6:      minmay_general_purpose_star, layout_basic,
          mainiacjoe_overflow_cross_hatched, serial_shops, shop
D:7:      layout_cave_pools, grunt_ministairs_4
D:8:      layout_basic, mainiacjoe_overflow_catwalk_spiral,
          kennysheep_mini_moat, serial_shops, shop_coins,
          grunt_decor_mini_mirrors, dreamdust_deal_with_the_devil, uniq_erica,
          uniq_grum, uniq_maggie
D:9:      layout_basic, mainiacjoe_overflow_big_doors, minmay_lair_entry_grove
D:10:     kennysheep_ambush_hall, layout_basic, erik_orc_1, enter_trove_2
Temple:   dpeg_chambers_temple
Lair:1:   layout_roguey
Lair:2:   layout_small_grid, nicolae_spider_entry_non_spiders, basic_altar,
          gammafunk_ghost_hydra_chop, eino_house_with_fridge
Lair:3:   layout_chaotic_city, nicolae_swamp_entry_splash_gauntlet,
          nicolae_lair_liquid_snakes

Skill      XL: |  1  2  3  4  5  6  7  8  9 10 11 12 |
---------------+-------------------------------------+-----
Ice Magic      | 4 5 6 7 8 9 10 11 12 | 12.6
Dodging        | 2 3 4 5 6 |  6.4
Unarmed Combat | 1 2 3 |  3.4
Stealth        | 2 3 4 6 7 8 |  8.8
Short Blades   | 1 2 4 5 6 7 |  7.7
Invocations    | 3 6 8 10 | 10.1
Spellcasting   | 3 4 5 6 |  6.7
Fighting       | 1 |  1.2
Throwing       | |  0.5
Evocations     | |  0.3

Action                   |  1- 3 |  4- 6 |  7- 9 | 10-12 || total
-------------------------+-------+-------+-------+-------++-------
Melee: War axe           |    11 |       |       |       ||    11
       Unarmed           |     2 |    64 |       |       ||    66
       Whip              |    55 |     2 |       |       ||    57
       Touch             |     6 |    28 |    46 |    94 ||   174
       Rapier            |       |    64 |   244 |   399 ||   707
       Punch             |       |     1 |     6 |    10 ||    17
Throw: Boomerang         |       |       |    16 |    28 ||    44
       Javelin           |       |       |       |     1 ||     1
 Cast: Freeze            |    24 |    13 |     2 |     1 ||    40
       Ozocubu's Armour  |       |    15 |    21 |    31 ||    67
       Frozen Ramparts   |       |     5 |    22 |    36 ||    63
Evoke: Wand              |       |       |       |     2 ||     2
  Use: Potion            |     1 |     2 |     5 |     7 ||    15
       Scroll            |     1 |       |    13 |     6 ||    20
 Stab: Sleeping          |     3 |     4 |    11 |    21 ||    39
       Paralysed         |       |       |     6 |    31 ||    37
       Invisible         |       |       |       |     2 ||     2
Armor: Robe              |     8 |    29 |   112 |    30 ||   179
       Steam dragon scal |       |       |       |   147 ||   147
Dodge: Dodged            |    51 |    86 |   205 |   308 ||   650
